Map: Abiogenesis LE

Players

HoLeeSheet - Winner!

  • Race: Protoss Protoss
  • Spawn Location: 11:00

A.I. 1 (Elite)

  • Race: Terran Terran
  • Spawn Location: 5:00

VOD

Have the link to the VOD?

Description

Time

  • Played on: Jan. 29, 2018, 10:47 a.m.
  • Length: 6:12
Show
View Real Time Build Order
Export as new Build Order

HoLeeSheet Protoss - Winner!

Build Orders:  

Get SALT Encoding   

  12  0:00  Probe  
  13  0:13  Probe  
  14  0:18  Pylon  
  14  0:25  Probe  
  15  0:37  Probe  
  15  0:38  Gateway  
  16  0:44  Assimilator  
  16  0:49  Probe  
  17  0:55  Assimilator  
  17  1:01  Probe  
  18  1:13  Probe  
  19  1:25  Probe, Cybernetics Core  
  20  1:37  Probe, Pylon  
  21  1:49  Probe  
  22  1:59  Warp Gate (Chrono Boost)  
  22  2:01  Probe, Stalker (Chrono Boost)  
  22  2:04  Robotics Facility  
  25  2:22  Stalker (Chrono Boost)  
  27  2:34  Gateway  
  27  2:37  Gateway  
  27  2:48  Immortal (Chrono Boost)  
  31  2:53  Pylon  
  31  3:03  Pylon  
  31  3:17  Warp Prism (Chrono Boost)  
  33  3:44  Pylon  
  33  3:46  Immortal  
  37  3:59  Stalker x3  
  43  4:25  Immortal (Chrono Boost)  
  47  4:33  Stalker x2  
  51  4:41  Stalker  
  53  4:48  Pylon  
  53  4:57  Stalker  
  55  5:14  Stalker x2  
  55  5:20  Stalker  
  61  5:47  Stalker  
  63  5:52  Pylon  
Show
View Real Time Build Order
Export as new Build Order

A.I. 1 (Elite) Terran 

Build Orders:  

Get SALT Encoding   

  12  0:00  SCV  
  13  0:13  SCV  
  14  0:19  Supply Depot  
  14  0:25  SCV  
  15  0:40  SCV  
  16  0:43  Barracks  
  16  0:52  SCV  
  17  1:04  SCV  
  18  1:16  SCV  
  19  1:19  Command Center  
  19  1:32  Marine  
  19  1:35  Orbital Command  
  20  1:41  Refinery  
  20  1:50  Marine  
  20  1:53  Supply Depot  
  21  2:00  SCV  
  22  2:05  Refinery  
  22  2:08  Marine  
  22  2:15  SCV  
  24  2:26  Marine  
  24  2:27  SCV  
  26  2:31  SCV  
  27  2:44  Marine  
  28  2:46  Factory, Orbital Command  
  28  2:47  SCV  
  29  2:57  Factory  
  29  3:01  SCV, Marine  
  31  3:11  SCV  
  32  3:13  SCV  
  32  3:19  Marine  
  34  3:22  Supply Depot  
  34  3:23  SCV  
  34  3:25  SCV  
  36  3:29  Factory Tech Lab  
  36  3:35  SCV  
  36  3:38  SCV  
  36  3:40  Marine, Barracks  
  38  3:41  Factory Tech Lab  
  38  3:48  SCV  
  39  3:54  Barracks  
  39  3:58  Marine  
  39  3:59  Hellion  
  39  4:02  Hellion  
  40  4:16  Barracks Tech Lab  
  35  4:20  Hellion  
  34  4:26  Hellion  
  35  4:34  Marine  
  36  4:38  Barracks Tech Lab  
  36  4:41  Marine  
  37  4:48  SCV  
  37  4:52  SCV, Marine  
  40  4:56  Marine  
  40  4:59  Marine  
  42  5:00  SCV  
  42  5:03  Supply Depot  
  42  5:05  SCV  
  43  5:10  Marine  
  43  5:12  SCV  
  34  5:14  Marine  
  34  5:16  Marine  
  35  5:24  SCV  
  35  5:28  Marine  
  31  5:33  Marauder  
  22  5:58  SCV  
Tags
 
Add a new tag
Caveats
  • Supply blocks, unpowered buildings, or Contaminate may cause inaccurate times.
  • Supply counts are checked every 10 seconds.